 Dungeon Crawl Stone Soup version 0.29-a0-234-g0dae59b3db (webtiles) character file.

Game seed: 11163333731580359616

11011 HotDog the Blocker (level 11, 0/67 HPs)
             Began as a Gargoyle Fighter on Mar 2, 2022.
             Was a Believer of the Shining One.
             Engulfed by an ice statue's freezing vapour (17 damage)
             ... in an ice cave.
             The game lasted 00:16:44 (15492 turns).

HotDog the Blocker (Gargoyle Fighter)              Turns: 15492, Time: 00:16:45

Health: 0/67       AC: 23    Str: 28    XL:     11   Next: 71%
Magic:  12/12      EV: 10    Int:  9    God:    the Shining One [**....]
Gold:   294        SH: 18    Dex: 18    Spells: 10/10 levels left

rFire   . . .      SeeInvis .   n - +1 whip (elec)
rCold   . . .      Faith    .   s - +0 kite shield
rNeg    + + .      Spirit   .   g - +0 chain mail
rPois   ∞          Reflect  +   (no helmet)
rElec   +          Harm     .   a - +0 cloak
rCorr   +          Rampage  .   (no gloves)
Will    .....                   z - +1 pair of boots
Stlth   ..........              j - amulet of Morality {Reflect Fragile rElec rCorr Dex+7 SH+5}
HPRegen 0.21/turn               c - +6 ring of strength
MPRegen 0.13/turn               A - +4 ring of slaying

@: glowing
A: sickness immunity, AC +8, negative energy resistance 1, electricity
resistance, torment resistance 1, petrification resistance
a: Renounce Religion, Divine Shield


You were in an ice cave.
You worshipped the Shining One.
The Shining One was pleased with you.
You visited 2 branches of the dungeon, and saw 12 of its levels.
You also visited: Ice Cave.

You collected 881 gold pieces.
You spent 587 gold pieces at shops.

Inventory:

Hand Weapons
 n - a +1 whip of electrocution (weapon)
 o - a +3 flail of distortion
Missiles
 y - a throwing net (quivered)
Armour
 a - a +0 cloak (worn)
 g - a +0 chain mail (worn)
 s - a +0 kite shield (worn)
 x - a +0 plate armour
 z - a +1 pair of boots (worn)
Jewellery
 c - a +6 ring of strength (left hand)
 j - the amulet of Morality (around neck) {Reflect Fragile rElec rCorr Dex+7 SH+5}
   (You bought it in a shop on level 5 of the Dungeon)

   [amulet of reflection]

   It reflects blocked missile attacks.
   Dex:       It affects your dexterity (+7).
   rElec:     It insulates you from electricity.
   rCorr:     It protects you from acid and corrosion.
   Fragile:   It will be destroyed if unequipped.
   SH:        It affects your SH (+5).
 w - an amulet of guardian spirit
 A - a +4 ring of slaying (right hand)
Wands
 r - a wand of paralysis (8)
 t - a wand of iceblast (24)
 v - a wand of acid (8)
Scrolls
 e - a scroll of blinking
 l - 4 scrolls of teleportation
 B - a scroll of amnesia
 C - a scroll of fear
Potions
 b - a potion of cancellation
 d - 4 potions of brilliance
 f - 2 potions of ambrosia
 h - a potion of heal wounds
 i - 2 potions of curing
 k - a potion of invisibility
 m - 2 potions of flight
 p - a potion of lignification
 q - a potion of mutation
 D - a potion of haste


   Skills:
 * Level 7.4 Fighting
 * Level 10.0 Maces & Flails
 * Level 9.3 Armour
 * Level 5.0 Dodging
 * Level 11.3 Shields
 * Level 1.9 Invocations


You had 10 spell levels left.
You didn't know any spells.
Your spell library contained the following spells:

 Spells                   Type           Power      Damage    Failure   Level
 Magic Dart               Conj           0%         1d3       98%         1
 Call Imp                 Summ           0%         N/A       99%         2
 Ensorcelled Hibernation  Hex/Ice        0%         N/A       99%         2
 Confusing Touch          Hex            0%         N/A       100%        3
 Mephitic Cloud           Conj/Pois/Air  0%         N/A       100%        3
 Spider Form              Tmut/Pois      0%         N/A       100%        3
 Anguish                  Hex/Necr       0%         N/A       100%        4
 Summon Forest            Summ/Tloc      0%         N/A       100%        5
 Summon Mana Viper        Hex/Summ       0%         N/A       100%        5
 Yara's Violent Unravell  Hex/Tmut       0%         3d3       100%        5
 Summon Cactus Giant      Summ           0%         N/A       100%        6
 Enfeeble                 Hex            0%         N/A       100%        7


Dungeon Overview and Level Annotations

Branches:
Dungeon (11/15)            Temple (1/1) D:7            Lair (0/6) D:9
    Orc (0/2) D:10          IceCv (1/1)

Altars:
Ashenzari
Cheibriados
Dithmenos
Elyvilon
Fedhas
Gozag
Hepliaklqana
Kikubaaqudgha
Makhleb
Nemelex Xobeh
Okawaru
Qazlal
Ru
Sif Muna
Trog
Uskayaw
Vehumet
Wu Jian
Xom
Yredelemnul
Zin
The Shining One

Shops:
D:1 (   D:5 =   D:8 [(

Annotations:
IceCv exclusion: 2 ice statues


Innate Abilities, Weirdness & Mutations

You are immune to sickness and miasma.
Your stone body is resilient. (AC +8)
You are immune to poison.
You resist negative energy. (rN+)
You are resistant to electric shocks. (rElec)
You are resistant to unholy torment.
You are immune to petrification.


Message History

You hit the troll simulacrum but do no damage.
The troll simulacrum is moderately damaged.
You hit the troll simulacrum.
Lightning courses through the troll simulacrum!
The troll simulacrum vaporises!
The Shining One accepts your kill.
You feel better.
You start resting.
Your divine shield fades away.
You start resting.
HP restored.
You start waiting.
Done waiting. 2 ice statues come into view.
The ice statue gestures at you. The freezing blast misses you.
Marking area around 2 ice statues as unsafe for travelling.
You are engulfed in freezing vapours.
Really walk into a travel-excluded area?
The ice statue gestures at you.
You hit the ice statue.
The ice statue is lightly damaged.
You are engulfed in freezing vapours.
You whack the ice statue!
The ice statue is lightly damaged.
You are engulfed in freezing vapours.
You completely miss the ice statue.
The ice statue is lightly damaged.
You are engulfed in freezing vapours.
The ice statue gestures at you. The shard of ice hits you!!
You hit the ice statue.
The ice statue is moderately damaged.
You are engulfed in freezing vapours.
* * * LOW HITPOINT WARNING * * *
The ice statue gestures at you. The shard of ice hits you!
* * * LOW HITPOINT WARNING * * *
You feel much better.
You are engulfed in freezing vapours.
You die...

#### #### ####.#.##
##..## #### #8☼○....##
#....#####..####@○☼....#
.......##....##☼○☼.....#
.∩.∩.......#...........#
..........###.........##
#....##..## ###.......#
##..###### ##......#
#### 8......# #.....##
#....##


You could see 2 ice statues.

Vanquished Creatures
  A boulder beetle (D:11)
  2 two-headed ogres
  A death yak (D:8)
  A tengu warrior (D:10)
  Joseph (D:8)
  A kobold demonologist (D:10)
  An ice devil (IceCv)
  2 trolls
  Sigmund (D:5)
  A wyvern (D:8)
  2 steam dragons (D:9)
  2 wargs (D:10)
  3 water moccasins
  A black bear (D:2)
  8 orc warriors
  An ogre (D:6)
  A sky beast (D:5)
  7 centaurs
  2 phantoms (D:6)
  19 kobold brigands
  A necrophage (D:5)
  3 bullfrogs (D:8)
  2 gnoll sergeants
  2 scorpions
  5 wights (D:10)
  12 killer bees
  A howler monkey (D:8)
  3 hounds (D:5)
  5 orc priests
  A jelly (D:5)
  An iguana (D:7)
  4 orc wizards
  3 troll simulacra
  A spriggan simulacrum (IceCv)
  A wolf simulacrum (IceCv)
  Robin (D:2)
  13 gnolls
  2 naga simulacra (IceCv)
  2 adders
  2 white imps
  3 worms
  3 dart slugs
  31 orcs
  8 ball pythons
  11 endoplasms
  5 giant cockroaches
  14 goblins
  14 hobgoblins
  10 jackals
  4 quokkas
  3 bats
  5 frilled lizards
  34 kobolds
  4 rats
272 creatures vanquished.

Vanquished Creatures (others)
  Erica (D:8)
  An orc (D:8)
  A kobold (D:6)
  8 fungi (D:9)
11 creatures vanquished.

Grand Total: 283 creatures vanquished

Notes
Turn   | Place    | Note
-------+----------+-------------------------------------------
     0 | D:1      | HotDog the Gargoyle Fighter began the quest for the Orb.
     0 | D:1      | Reached XP level 1. HP: 14/14 MP: 1/1
    44 | D:1      | Found Layxtu's Weapon Boutique.
    85 | D:1      | Reached XP level 2. HP: 11/19 MP: 2/2
   470 | D:1      | Reached XP level 3. HP: 14/24 MP: 3/3
  1629 | D:2      | Noticed Robin
  1699 | D:1      | Reached XP level 4. HP: 11/29 MP: 4/4
  2204 | D:2      | Killed Robin
  2623 | D:2      | Noticed a black bear
  2637 | D:2      | Killed a black bear
  2638 | D:2      | Reached skill level 1 in Dodging
  2638 | D:2      | Reached XP level 5. HP: 9/33 MP: 5/5
  3268 | D:2      | Reached skill level 4 in Shields
  4252 | D:3      | Found a faded altar of an unknown god.
  4800 | D:4      | Reached XP level 6. HP: 35/38 MP: 6/6
  5287 | D:5      | Entered Level 5 of the Dungeon
  5295 | D:5      | Identified the +1 robe "Ycevuuts" {Rampage Drain Regen+
                  | Dex+4}
  5428 | D:5      | Noticed Sigmund
  5451 | D:5      | Killed Sigmund
  5452 | D:5      | Reached XP level 7. HP: 43/44 MP: 7/7
  5474 | D:5      | Reached skill level 5 in Maces & Flails
  5588 | D:5      | Reached skill level 5 in Armour
  6246 | D:5      | Reached skill level 5 in Shields
  6361 | D:5      | Reached XP level 8. HP: 36/48 MP: 8/8
  6436 | D:5      | Found Kiatena's Jewellery Shop.
  6917 | D:6      | HP: 1/48 [spore (42)]
  6918 | D:6      | Reached skill level 5 in Fighting
  7866 | D:6      | Identified the +6 short sword of Ambiguity {pain, Str+4
                  | Stlth+}
  8243 | D:7      | Reached skill level 6 in Shields
  8380 | D:7      | Reached XP level 9. HP: 54/54 MP: 9/9
  8574 | D:7      | Found a staircase to the Ecumenical Temple.
  8581 | Temple   | Entered the Ecumenical Temple
  8908 | Temple   | Became a worshipper of the Shining One
  9740 | D:8      | Noticed Erica
  9755 | D:8      | Killed Erica
  9756 | D:8      | Reached skill level 7 in Shields
 10735 | D:8      | Reached skill level 8 in Shields
 10953 | D:8      | Reached XP level 10. HP: 54/60 MP: 10/10
 11004 | D:8      | Noticed a two-headed ogre
 11400 | D:5      | Bought the amulet of Morality {Reflect Fragile rElec rCorr
                  | Dex+7 SH+5} for 587 gold pieces
 11521 | D:8      | Noticed Joseph
 11807 | D:8      | Killed Joseph
 12050 | D:8      | Found a burning altar of Makhleb.
 12197 | D:8      | Found Qaidylev's Weapon Boutique.
 12325 | D:8      | Killed a two-headed ogre
 12326 | D:8      | Reached skill level 9 in Shields
 12549 | D:8      | Found Xenlenaamm's Antique Armour Shoppe.
 13587 | D:9      | Noticed a death yak
 13588 | D:9      | Noticed a death yak
 13590 | D:9      | Found a staircase to the Lair.
 13598 | D:9      | Noticed a death yak
 13622 | D:8      | Killed a death yak
 13623 | D:8      | Reached skill level 10 in Shields
 13906 | D:9      | Reached XP level 11. HP: 66/66 MP: 11/11
 13922 | D:10     | Entered Level 10 of the Dungeon
 13954 | D:10     | Reached * piety under the Shining One
 14140 | D:10     | Noticed a two-headed ogre
 14166 | D:10     | Killed a two-headed ogre
 14225 | D:10     | Reached skill level 1 in Invocations
 14349 | D:10     | Found a staircase to the Orcish Mines.
 14400 | D:10     | Noticed a tengu warrior
 14409 | D:10     | Killed a tengu warrior
 14422 | D:10     | Reached skill level 11 in Shields
 15059 | D:11     | Noticed a boulder beetle
 15079 | D:11     | Killed a boulder beetle
 15080 | D:11     | Reached skill level 10 in Maces & Flails
 15080 | D:11     | Reached skill level 5 in Dodging
 15137 | D:11     | Found a frozen archway.
 15149 | IceCv    | Entered an ice cave
 15194 | IceCv    | Reached ** piety under the Shining One
 15491 | IceCv    | HP: 1/67 [ice statue/shard of ice (15)]
 15492 | IceCv    | Engulfed by an ice statue's freezing vapour

Illustrated notes

Levels and vault maps discovered:
D:1:      heliophobic_arrival_dark_side_of_the_moon, layout_basic, serial_shops,
          nicolae_square_shop, due_unseen_surprise
D:2:      layout_basic, uniq_robin
D:3:      layout_loops_corners, hellmonk_ecumenical_altar_arch_garden,
          minmay_puff
D:4:      layout_cave_pools, serial_forest, infiniplex_forest_end_3,
          infiniplex_forest_straight_4, infiniplex_forest_clump_curved,
          infiniplex_forest_lined_room_2, infiniplex_forest_lined_1,
          infiniplex_forest_lined_3, infiniplex_forest_lined_ring,
          infiniplex_forest_clump_curved
D:5:      layout_loops_ring, serial_shops, shop_fountains,
          kennysheep_pointless_box, uniq_sigmund
D:6:      layout_basic, cheibrodos_sewer_entry_bend
D:7:      layout_basic, minmay_temple_entry_grid
D:8:      layout_loops_corners, mainiacjoe_overflow_alcove_1, serial_rivers,
          chequers_serial_rivers_small_b, chequers_serial_rivers_room_b,
          chequers_serial_rivers_micro_b, chequers_serial_rivers_micro_d,
          chequers_serial_rivers_small_b, serial_shops, shop_fountains,
          nicolae_diamond_shop, grunt_potential, uniq_joseph, uniq_erica
D:9:      kennysheep_steamy, layout_loops_corners, dpeg_lair_monsters,
          nicolae_shop_fire_sale [nicolae_sub_dead_trees],
          nicolae_looking_at_the_future
D:10:     layout_roguey [special_room_kobold], erik_orc_3
D:11:     layout_roguey, portal_ice_cave_entry_ice_simulacra,
          nemelex_xobeh_ov_fountains_minmay
Temple:   mainiacjoe_temple_starburst
IceCv:    ice_cave_small_demon

Skill      XL: |  1  2  3  4  5  6  7  8  9 10 11 |
---------------+----------------------------------+-----
Maces & Flails | 3 4 5 7 8 9 10 | 10.0
Armour         | 4 5 6 7 8 9 |  9.3
Dodging        | 1 2 3 4 5 |  5.0
Shields        | 4 5 6 8 10 11 | 11.3
Fighting       | 4 5 6 7 |  7.4
Invocations    | 1 |  1.9

Action                   |  1- 3 |  4- 6 |  7- 9 | 10-12 || total
-------------------------+-------+-------+-------+-------++-------
Melee: Flail             |   137 |   220 |   142 |       ||   499
       Whip              |       |       |   251 |   433 ||   684
Invok: Divine Shield     |       |       |       |     4 ||     4
  Use: Potion            |       |     3 |     1 |     4 ||     8
       Scroll            |       |     3 |    11 |     5 ||    19
Armor: Scale mail        |    79 |   142 |   196 |     3 ||   420
       Chain mail        |       |       |       |   114 ||   114
Dodge: Dodged            |    69 |   113 |   131 |    69 ||   382
Block: Buckler           |    51 |   159 |    81 |       ||   291
       Reflection        |     1 |     1 |    25 |    13 ||    40
       Kite shield       |       |       |   214 |   327 ||   541

Table legend: (Time is in decaauts)
 A = Elapsed time spent in this place.
 B = Non-inter-level travel time spent in this place.
 C = Inter-level travel time spent in this place.
 D = Time resting spent in this place.
 E = Time spent auto-exploring this place.
 F = Levels seen in this place.
 G = Mean time per level.
                   A        B        C        D        E       F      G
               +--------+--------+--------+--------+--------+-----+--------+
         Total |  15511 |  14771 |    740 |   3758 |   8430 |  13 | 1193.2 |
       Dungeon |  14793 |  14107 |    686 |   3505 |   8075 |  11 | 1344.8 |
        Temple |    383 |    329 |     54 |      0 |    314 |   1 |  383.0 |
      Ice Cave |    333 |    333 |      0 |    253 |     41 |   1 |  333.0 |
               +--------+--------+--------+--------+--------+-----+--------+

Top non-repeatable levels by time:
     D:8: 2872 daAuts
     D:1: 2152 daAuts
     D:7: 1760 daAuts
     D:5: 1607 daAuts
     D:2: 1304 daAuts
     D:3: 1289 daAuts
     D:6: 1158 daAuts
    D:10: 1034 daAuts
     D:9: 837 daAuts
     D:4: 637 daAuts
  Temple: 383 daAuts
   IceCv: 333 daAuts
    D:11: 139 daAuts
